Map: Cyber Forest LE

Players

Reynor - Winner!

  • Race: Zerg Zerg
  • Spawn Location: 11:00

uThermal

  • Race: Terran Terran
  • Spawn Location: 5:00

Event: 2019 WCS Summer

VOD

Have the link to the VOD?

Description

Time

  • Played on: July 12, 2019, 1:15 p.m.
  • Length: 8:27

All games in this series

Show
View Real Time Build Order
Export as new Build Order

Reynor Zerg - Winner!

Build Orders: Hatch First 

Get SALT Encoding   

  12  0:00  Drone  
  13  0:12  Overlord  
  13  0:16  Drone  
  14  0:30  Drone x2  
  16  0:48  Hatchery  
  15  0:51  Drone  
  15  0:54  Drone  
  17  0:58  Drone  
  18  1:08  Extractor  
  17  1:13  Spawning Pool  
  17  1:17  Drone  
  17  1:20  Drone  
  18  1:27  Drone  
  19  1:39  Drone  
  20  1:51  Overlord  
  20  2:00  Queen x2  
  25  2:01  Zergling x4  
  26  2:11  Drone x2  
  28  2:23  Metabolic Boost  
  28  2:30  Hatchery  
  28  2:32  Drone  
  28  2:36  Drone  
  29  2:40  Drone x2  
  29  2:43  Drone  
  32  2:48  Overlord  
  32  2:53  Drone x2  
  34  3:04  Drone x2  
  35  3:06  Queen  
  35  3:12  Overlord  
  37  3:13  Drone x2  
  39  3:20  Drone x2  
  39  3:25  Baneling Nest  
  39  3:27  Queen  
  40  3:28  Drone  
  40  3:32  Zergling x2  
  44  3:37  Drone  
  45  3:41  Zergling x2  
  45  3:42  Zergling x4  
  45  3:43  Overlord  
  45  3:44  Drone  
  45  3:47  Drone  
  50  3:50  Queen  
  50  3:53  Zergling x2  
  53  4:01  Zergling x2  
  54  4:03  Zergling x2  
  54  4:05  Drone  
  54  4:06  Drone  
  54  4:08  Drone  
  58  4:10  Baneling x3  
  58  4:15  Drone  
  58  4:16  Overlord  
  59  4:17  Drone, Spore Crawler  
  59  4:18  Drone x2  
  59  4:19  Spore Crawler  
  60  4:24  Drone  
  60  4:27  Drone  
  60  4:28  Drone, Queen  
  65  4:32  Spore Crawler  
  65  4:34  Zergling x2  
  65  4:37  Zergling x2  
  66  4:39  Drone  
  66  4:42  Lair  
  66  4:43  Overlord  
  67  4:46  Baneling  
  67  4:47  Baneling  
  67  4:50  Drone x3  
  67  4:53  Zergling x4  
  67  4:56  Overlord  
  67  4:59  Drone x2  
  67  5:04  Zergling x6  
  65  5:07  Zergling x4  
  65  5:12  Overlord  
  64  5:16  Zergling x10  
  63  5:22  Drone  
  63  5:24  Drone  
  63  5:25  Drone  
  63  5:34  Extractor  
  63  5:35  Drone, Extractor  
  60  5:36  Drone x2  
  60  5:38  Drone x2  
  60  5:39  Drone  
  60  5:41  Drone x3  
  60  5:42  Drone  
  70  5:46  Drone  
  70  5:49  Drone  
  72  5:52  Drone x2, Queen  
  72  5:55  Zergling x4  
  78  5:57  Drone  
  78  5:59  Overlord  
  79  6:07  Baneling x4  
  79  6:08  Baneling  
  79  6:10  Zergling x6  
  79  6:11  Zergling x4  
  84  6:15  Baneling x4  
  84  6:17  Overlord  
  84  6:19  Drone x3  
  84  6:21  Zergling x2  
  88  6:28  Zergling x2  
  88  6:29  Zergling x8  
  87  6:33  Overlord  
  87  6:35  Baneling x2, Drone  
  87  6:37  Drone  
  87  6:38  Drone x2  
  91  6:41  Centrifical Hooks  
  91  6:44  Drone x4  
  91  6:46  Extractor x2  
  93  6:47  Zergling x4  
  93  6:51  Drone  
  94  6:54  Queen  
  94  6:55  Evolution Chamber x2  
  94  7:03  Hatchery  
  94  7:07  Drone x2  
  95  7:22  Zergling x20  
  105  7:24  Overlord  
  105  7:32  Drone x4  
  110  7:37  Zergling x6  
  110  7:40  Drone  
  110  7:42  Zergling x12  
  119  7:44  Infestation Pit  
  119  7:48  Zergling x4  
  119  7:50  Baneling x6  
  119  7:51  Baneling  
  120  7:55  Drone  
  121  7:58  Overlord  
  121  7:59  Drone  
  121  8:02  Drone  
  121  8:05  Drone x2  
  125  8:06  Drone x2  
  125  8:09  Zergling x6  
Show
View Real Time Build Order
Export as new Build Order

uThermal Terran 

Build Orders: Liberator Opening 

Get SALT Encoding   

  12  0:01  SCV  
  13  0:13  SCV  
  14  0:17  Supply Depot  
  14  0:25  SCV  
  15  0:38  SCV  
  15  0:39  Barracks  
  16  0:44  Refinery  
  16  0:50  SCV  
  17  1:03  SCV  
  18  1:15  SCV  
  19  1:26  Marine  
  19  1:27  Orbital Command  
  20  1:41  Command Center  
  20  1:52  Factory  
  20  1:55  SCV  
  21  2:04  Barracks Reactor  
  21  2:07  SCV  
  22  2:10  Supply Depot  
  22  2:19  SCV  
  23  2:24  Refinery  
  23  2:32  SCV  
  24  2:40  Starport  
  24  2:43  Hellion x2  
  28  2:44  SCV  
  28  2:50  Marine  
  30  2:54  Orbital Command  
  30  2:56  SCV  
  31  3:01  Liberator  
  31  3:04  Hellion  
  33  3:07  Hellion  
  33  3:11  SCV  
  38  3:21  SCV  
  38  3:24  SCV  
  38  3:25  Barracks Tech Lab  
  40  3:31  Supply Depot  
  40  3:36  SCV  
  40  3:37  SCV  
  40  3:39  Hellion  
  44  3:45  Marauder  
  46  3:53  SCV x2, Hellion  
  46  3:55  Supply Depot  
  50  4:02  Medivac  
  52  4:06  Armory  
  53  4:11  Marauder  
  53  4:16  Hellion  
  56  4:17  Hellion  
  56  4:18  Supply Depot  
  56  4:19  SCV  
  56  4:21  SCV  
  60  4:25  Concussive Shells  
  60  4:32  SCV  
  60  4:33  SCV  
  62  4:40  Hellion x2  
  62  4:42  Supply Depot  
  62  4:44  SCV  
  69  4:45  Liberator  
  69  4:46  Marauder  
  69  4:55  SCV  
  68  5:01  SCV, Hellion  
  67  5:08  Marauder  
  52  5:22  SCV  
  52  5:23  Command Center  
  52  5:25  SCV  
  52  5:32  Marine  
  52  5:33  Stimpack  
  52  5:34  SCV  
  51  5:37  SCV  
  51  5:38  Factory Tech Lab  
  52  5:46  Starport Reactor  
  52  5:47  Barracks  
  52  5:49  Barracks, SCV  
  53  5:50  Marine, SCV  
  55  6:01  Engineering Bay, SCV  
  55  6:02  Engineering Bay  
  56  6:05  Siege Tank  
  56  6:06  SCV  
  56  6:08  Marine  
  61  6:13  SCV  
  61  6:17  Refinery  
  62  6:18  Refinery  
  62  6:19  SCV  
  62  6:25  SCV  
  64  6:31  SCV  
  60  6:37  Siege Tank, SCV  
  60  6:38  Marine x2  
  50  6:42  Marine  
  50  6:43  SCV  
  50  6:48  Marine  
  50  6:49  SCV  
  59  6:54  Orbital Command  
  48  6:56  Starport Reactor  
  48  7:00  Marine  
  50  7:08  Marine  
  50  7:10  Marine  
  50  7:13  Marine  
  50  7:14  Marine  
  53  7:18  SCV  
  53  7:20  Marine  
  55  7:25  Marine  
  55  7:28  Siege Tank, Marine  
  60  7:31  Marine  
  60  7:33  Orbital Command  
  60  7:36  Marine, Medivac  
  64  7:38  Marine  
  64  7:40  SCV  
  64  7:43  Marine  
  67  7:46  Marine  
  67  7:49  Marine  
  71  7:52  SCV  
  71  7:54  Marine  
  71  7:55  SCV  
  71  7:56  Marine  
  73  8:03  SCV, Supply Depot  
  73  8:04  Marine, SCV  
  73  8:05  Marine  
  79  8:13  SCV  
  85  8:22  Supply Depot  
Tags
 
Add a new tag
Caveats
  • Supply blocks, unpowered buildings, or Contaminate may cause inaccurate times.
  • Supply counts are checked every 10 seconds.